 Dungeon Crawl Stone Soup version 0.29.1-14-g9c671dbff4 (webtiles) character file.

Game seed: 6260200507909912965

32 Descartes the Digger (level 3, -2/20 HPs)
             Began as a Gargoyle Earth Elementalist on Feb 16, 2023.
             Constricted to death by Sigmund (5 damage)
             ... on level 2 of the Dungeon.
             The game lasted 00:02:50 (1063 turns).

Descartes the Digger (Gargoyle Earth Elementalist)  Turns: 1063, Time: 00:02:52

Health: -2/20      AC:  5    Str: 13    XL:     3   Next: 25%
Magic:  3/6        EV:  9    Int: 15    God:
Gold:   73         SH:  0    Dex: 10    Spells: 5/6 levels left

rFire   . . .      SeeInvis .   d - staff of conjuration
rCold   . . .      Faith    .   (no shield)
rNeg    + . .      Spirit   .   a - +0 robe
rPois   ∞          Reflect  .   (no helmet)
rElec   +          Harm     .   (no cloak)
rCorr   .          Rampage  .   (no gloves)
Will    .....                   (no boots)
Stlth   ++........              (no amulet)
HPRegen 0.06/turn               (no ring)
MPRegen 0.10/turn               (no ring)

@: grasped by roots, constricted
A: sickness immunity, AC +3, negative energy resistance 1, electricity
resistance, torment resistance 1, petrification resistance
a: no special abilities


You were on level 2 of the Dungeon.
You visited 1 branch of the dungeon, and saw 2 of its levels.

You collected 73 gold pieces.

Inventory:

Armour
 a - a +0 robe (worn)
Magical Staves
 d - a staff of conjuration (weapon)
Scrolls
 c - a scroll of identify {unknown}
 g - a scroll of teleportation {unknown}
 h - a scroll of magic mapping {unknown}
Potions
 b - a potion of magic
 e - 2 potions of brilliance {unknown}
 f - a potion of lignification {unknown}


   Skills:
 + Level 0.9 Fighting
 + Level 1.8 Dodging
 - Level 2.1 Stealth
 + Level 2.2 Spellcasting
 + Level 0.9 Conjurations
 + Level 1.1 Transmutations
 + Level 3.8 Earth Magic
 + Level 0.6 Evocations


You had 5 spell levels left.
You knew the following spells:

 Your Spells              Type           Power      Damage    Failure   Level
a - Sandblast             Erth           26%        2d8       4%          1

Your spell library contained the following spells:

 Spells                   Type           Power      Damage    Failure   Level
 Passwall                 Tmut/Erth      7%         N/A       12%         2
 Shock                    Conj/Air       16%        1d4       19%         1
 Stone Arrow              Conj/Erth      26%        3d8       24%         3
 Swiftness                Air            1%         N/A       54%         3
 Petrify                  Tmut/Erth      9%         N/A       61%         4
 Airstrike                Air            0%         2d(1-17)  91%         4


Dungeon Overview and Level Annotations

Branches:
Dungeon (2/15)

Altars:

Shops:
D:1 ?

Annotations:
D:2 Sigmund


Innate Abilities, Weirdness & Mutations

You are immune to sickness and miasma.
Your stone body is resilient. (AC +3)
You are immune to poison.
You resist negative energy. (rN+)
You are resistant to electric shocks. (rElec)
You are resistant to unholy torment.
You are immune to petrification.


Message History

Aim: an adder (70% to hit)
The blast of sand hits the adder!
You kill the adder!
You have reached level 3!
Your experience leads to an increase in your attributes!
Increase (S)trength, (I)ntelligence, or (D)exterity?
You feel stronger. x2
Sigmund the Dreaded comes into view.
He is wielding a +0 scythe, wearing a +2 robe of fire resistance and carrying a wand of roots (3).
Casting: Sandblast (safe; 4% risk of failure)
Confirm with . or Enter, or press ? or * to list all spells.
Aiming: Sandblast (safe; 4% risk of failure)
Press: ? - help, Shift-Dir - straight line, f - Sigmund
Aim: Sigmund, wielding a +0 scythe, wearing a +2 robe of fire resistance and carrying a wand of roots (3) (80% to hit)
The blast of sand hits Sigmund but does no damage.
Sigmund zaps a wand.
The roots erupt in riotous growth!
The grasping roots grab you! The grasping roots constrict you. x2
Casting: Sandblast (safe; 4% risk of failure)
Confirm with . or Enter, or press ? or * to list all spells.
Aiming: Sandblast (safe; 4% risk of failure)
Press: ? - help, Shift-Dir - straight line, f/p - Sigmund
Aim: Sigmund, wielding a +0 scythe, wearing a +2 robe of fire resistance and carrying a wand of roots (2) (80% to hit)
The blast of sand misses Sigmund.
Sigmund gestures at you while chanting. You resist with significant effort.
The grasping roots constrict you.
Unknown command.
Casting: Sandblast (safe; 4% risk of failure)
Confirm with . or Enter, or press ? or * to list all spells.
Aiming: Sandblast (safe; 4% risk of failure)
Press: ? - help, Shift-Dir - straight line, f/p - Sigmund
Aim: Sigmund, wielding a +0 scythe, wearing a +2 robe of fire resistance and carrying a wand of roots (2) (80% to hit)
The blast of sand hits Sigmund.
Sigmund is lightly wounded.
The grasping roots constrict you.
* * * LOW HITPOINT WARNING * * *
Sigmund gestures wildly while chanting.
Sigmund flickers and vanishes!
Deactivating autopickup; reactivate with Ctrl-A.
You are constricted.
You die...

# .#.##.# .#.##.###
#.......
##.....##########
#........@.{.....
#....##..########
##....##.........
#......#...#####. #
#.#.#......#
##.##.#.#...#.....#
.#.......#...#.###.#
.........#..<#.# #
.......#.#.###.#


There were no monsters in sight!

Vanquished Creatures
  2 adders (D:2)
  A bat (D:2)
  2 endoplasms (D:1)
  2 giant cockroaches (D:1)
  3 hobgoblins (D:1)
  A ball python (D:1)
  2 frilled lizards (D:1)
  A rat (D:1)
14 creatures vanquished.

Notes
Turn   | Place    | Note
-------+----------+-------------------------------------------
     0 | D:1      | Descartes the Gargoyle Earth Elementalist began the quest
                  | for the Orb.
     0 | D:1      | Reached XP level 1. HP: 10/10 MP: 3/3
   169 | D:1      | Reached XP level 2. HP: 15/15 MP: 1/5
   212 | D:1      | Found Yxot's Magic Scroll Shoppe.
   597 | D:1      | Reached skill level 1 in Transmutations
   707 | D:1      | Found a faded altar of an unknown god.
  1036 | D:2      | Reached XP level 3. HP: 20/20 MP: 4/6
  1059 | D:2      | Noticed Sigmund
  1063 | D:2      | Constricted to death by Sigmund

Illustrated notes

Levels and vault maps discovered:
D:1:      minmay_arrival_nine_rooms, layout_basic, serial_shops, shop,
          dilly_ecumenical_altar_fadedgnrine, minmay_close_crescents
D:2:      layout_basic, basic_altar, st_stairs_1, minmay_snake_closets,
          uniq_sigmund

Skill      XL: |  1  2 |
---------------+-------+-----
Transmutations | 1 |  1.1
Fighting       | |  0.9
Dodging        | |  1.8
Stealth        | |  2.1
Spellcasting   | |  2.2
Conjurations   | |  0.9
Earth Magic    | |  3.8
Evocations     | |  0.6

Action                   || total
-------------------------++-------
 Cast: Sandblast         ||    22
Armor: Robe              ||     2
Dodge: Dodged            ||     1
